3L
FT. WORTH CATTLEMEN @ WIZARDING EXPRESS
09/20/2034
 
TOP OF THE 1ST
Ft. Worth Cattlemen batting - Pitching for Wizarding Express : RHP Brian Peeks
Pitching: RHP Brian Peeks
Batting: LHB Jesús Morales 0-0: Ball
1-0: Foul Ball, location: 2F
1-1: Ground out 3-1 (Groundball, 34)
Batting: SHB Roberto Mosca 0-0: Ball
1-0: Ball
2-0: Foul Ball, location: 2F
2-1: Ground out 4-3 (Groundball, 34)
Batting: RHB Bart Lewis 0-0: Called Strike
0-1: Ball
1-1: Called Strike
1-2: Ball
2-2: DOUBLE (Line Drive, 7D)
Batting: LHB Rick Mayfield 0-0: Ball
1-0: Fly out, F7 (Flyball, 7)
Top of the 1st over - 0 runs, 1 hit, 0 errors, 1 left on base; Ft. Worth 0 - Wizarding 0
BOTTOM OF THE 1ST
Wizarding Express batting - Pitching for Ft. Worth Cattlemen : RHP Armando Romano
Pitching: RHP Armando Romano
Batting: LHB Jesús Lazcano 0-0: Ball
1-0: SINGLE (Flyball, 89S)
Batting: RHB Ralph Cranford 0-0: Fly out, F8 (Flyball, 8LM)
Batting: RHB Robinson Barquero 0-0: Ball
Jesús Lazcano steals 2nd base
1-0: Foul Ball, location: 2F
1-1: Ball
Jesús Lazcano steals 3rd base
2-1: Fly out, F7 (Flyball, 78D)
Runner from 3rd tags up, SCORES, no throw
Batting: LHB Carroll Martin 0-0: DOUBLE (Flyball, 89D)
Batting: RHB Taylor Landis 0-0: Ball
1-0: Called Strike
1-1: Foul Ball, location: 2F
1-2: Foul Ball, location: 2F
1-2: Foul Ball, location: 2F
1-2: Hit by Pitch
Batting: SHB Salvador Trevino 0-0: Ball
1-0: Ball
2-0: Foul Ball, location: 2F
2-1: Foul Ball, location: 2F
2-2: Foul Ball, location: 2F
2-2: Ball
3-2: Base on Balls
Carroll Martin to third
Taylor Landis to second
Batting: RHB Louis Gibbons 0-0: Ball
1-0: Foul Ball, location: 2F
1-1: Ball
2-1: Fielders Choice at 2nd, 6-4 (Groundball, 6)
Bottom of the 1st over - 1 run, 2 hits, 0 errors, 3 left on base; Ft. Worth 0 - Wizarding 1
TOP OF THE 2ND
Ft. Worth Cattlemen batting - Pitching for Wizarding Express : RHP Brian Peeks
Batting: RHB Juan Cabrera 0-0: Ball
1-0: Ground out 5-3 (Groundball, 5)
Batting: RHB António Pérez 0-0: Swinging Strike
0-1: Ball
1-1: Ball
2-1: SINGLE (Flyball, 3D)
Batting: LHB Fernando Ramírez 0-0: Called Strike
0-1: Ball
1-1: Called Strike
António Pérez steals 2nd base
1-2: 2-RUN HOME RUN (Flyball, 9D), Distance : 344 ft
Batting: RHB Keiran Calleson 0-0: Ball
1-0: Called Strike
1-1: Ball
2-1: Ground out 6-3 (Groundball, 6)
Batting: RHB Vincent Vega 0-0: Called Strike
0-1: Ball
1-1: Ground out 1-3 (Groundball, 15S)
Top of the 2nd over - 2 runs, 2 hits, 0 errors, 0 left on base; Ft. Worth 2 - Wizarding 1
BOTTOM OF THE 2ND
Wizarding Express batting - Pitching for Ft. Worth Cattlemen : RHP Armando Romano
Batting: LHB António Boccanegra 0-0: Ball
1-0: Swinging Strike
1-1: Foul Ball, location: 2F
1-2: Ball
2-2: Foul Ball, location: 2F
2-2: Strikes out swinging
Batting: RHB Panas Pletnev 0-0: Ground out 6-3 (Groundball, 6)
Batting: LHB Jesús Lazcano 0-0: Ball
1-0: Called Strike
1-1: Ball
2-1: SINGLE (Line Drive, 6MD)
Batting: RHB Ralph Cranford 0-0: Ball
1-0: Called Strike
1-1: Ball
2-1: Foul Ball, location: 2F
2-2: Hit by Pitch
Jesús Lazcano to second
Batting: RHB Robinson Barquero 0-0: Called Strike
0-1: Ball
1-1: Foul Ball, location: 2F
1-2: SINGLE (Flyball, 8LS)
Jesús Lazcano to third
Ralph Cranford to second
Runner from 3rd tries for Home, SAFE, no throw
Batting: LHB Carroll Martin 0-0: Ball
1-0: Foul Ball, location: 2F
1-1: Ball
2-1: Ground out 4-3 (Groundball, 34D)
Bottom of the 2nd over - 1 run, 2 hits, 0 errors, 2 left on base; Ft. Worth 2 - Wizarding 2
TOP OF THE 3RD
Ft. Worth Cattlemen batting - Pitching for Wizarding Express : RHP Brian Peeks
Batting: LHB Jesús Morales 0-0: Swinging Strike
0-1: Ball
1-1: Ball
2-1: Ball
3-1: SINGLE (Groundball, 3D)
Batting: SHB Roberto Mosca 0-0: Called Strike
0-1: Ball
1-1: 2-RUN HOME RUN (Flyball, 9D), Distance : 352 ft
Batting: RHB Bart Lewis 0-0: Ground out 5-3 (Groundball, 56)
Batting: LHB Rick Mayfield 0-0: SINGLE (Groundball, 34D) (infield hit)
Batting: RHB Juan Cabrera 0-0: Ball
1-0: Ball
2-0: Fly out, F4 (Popup, 34)
Batting: RHB António Pérez 0-0: Ball
1-0: Ball
2-0: Called Strike
2-1: SINGLE (Line Drive, 6MD)
Rick Mayfield to second
Batting: LHB Fernando Ramírez 0-0: Called Strike
0-1: Foul Ball, location: 2F
0-2: Ball
Balk!
Rick Mayfield to third
António Pérez to second
1-2: Foul Ball, location: 2F
1-2: 3-RUN HOME RUN (Flyball, 7LD), Distance : 341 ft
Batting: RHB Keiran Calleson 0-0: Called Strike
0-1: Ball
1-1: Fly out, F8 (Flyball, 8LM)
Top of the 3rd over - 5 runs, 5 hits, 0 errors, 0 left on base; Ft. Worth 7 - Wizarding 2
BOTTOM OF THE 3RD
Wizarding Express batting - Pitching for Ft. Worth Cattlemen : RHP Armando Romano
Batting: RHB Taylor Landis 0-0: Ball
1-0: Ball
2-0: Called Strike
2-1: Ground out U3 (Groundball, 3)
Batting: SHB Salvador Trevino 0-0: Swinging Strike
0-1: Foul Ball, location: 2F
0-2: Foul Ball, location: 2F
0-2: Strikes out swinging
Batting: RHB Louis Gibbons 0-0: Ball
1-0: Foul Ball, location: 2F
1-1: Ball
2-1: Foul Ball, location: 2F
2-2: SINGLE (Groundball, 34D)
Batting: LHB António Boccanegra 0-0: Called Strike
0-1: Foul Ball, location: 2F
0-2: Foul Ball, location: 2F
0-2: Ball
1-2: Foul Ball, location: 2F
1-2: Fly out, F9 (Flyball, 9S)
Bottom of the 3rd over - 0 runs, 1 hit, 0 errors, 1 left on base; Ft. Worth 7 - Wizarding 2
TOP OF THE 4TH
Ft. Worth Cattlemen batting - Pitching for Wizarding Express : RHP Brian Peeks
Batting: RHB Vincent Vega 0-0: Called Strike
0-1: Ball
1-1: Ball
2-1: Reached on error, E7 (Flyball, 7LD)
Batting: LHB Jesús Morales 0-0: Called Strike
0-1: Called Strike
0-2: Ball
1-2: Strikes out swinging
Batting: SHB Roberto Mosca 0-0: Called Strike
0-1: SINGLE (Line Drive, 6MD)
Vincent Vega to third
Runner from 3rd tries for Home, SAFE, throw made home
Batting: RHB Bart Lewis 0-0: Called Strike
Roberto Mosca steals 2nd base
0-1: Called Strike
0-2: Ball
1-2: Ball
2-2: Ball
3-2: Base on Balls
Batting: LHB Rick Mayfield 0-0: Ball
1-0: Foul Ball, location: 2F
1-1: Foul Ball, location: 2F
1-2: Ball
2-2: 3-RUN HOME RUN (Flyball, 9LD), Distance : 330 ft
Pitching: RHP Biff Tannen
Batting: RHB Juan Cabrera 0-0: Ball
1-0: Called Strike
1-1: Ball
2-1: Ball
3-1: Base on Balls
Batting: RHB António Pérez 0-0: Ball
1-0: Ball
2-0: Foul Ball, location: 2F
2-1: Swinging Strike
2-2: Reached on error, E6 (Groundball, 6)
Juan Cabrera to second
Batting: LHB Fernando Ramírez 0-0: Ball
1-0: Ball
2-0: Ball
3-0: Base on Balls
Juan Cabrera to third
António Pérez to second
Batting: RHB Keiran Calleson 0-0: Fly out, F7 (Flyball, 7)
Throwing error, E7
Juan Cabrera scores
António Pérez to third
Fernando Ramírez to second
Batting: RHB Vincent Vega 0-0: Ball
1-0: Foul Ball, location: 2F
1-1: Ball
2-1: Ball
3-1: Ground out U3 (Groundball, 3L)
Top of the 4th over - 5 runs, 2 hits, 3 errors, 2 left on base; Ft. Worth 12 - Wizarding 2
BOTTOM OF THE 4TH
Wizarding Express batting - Pitching for Ft. Worth Cattlemen : RHP Armando Romano
Batting: RHB Panas Pletnev 0-0: Called Strike
0-1: Ball
1-1: Ball
2-1: Foul Ball, location: 2F
2-2: Strikes out swinging
Batting: LHB Jesús Lazcano 0-0: Ground out 4-3 (Groundball, 34)
Batting: RHB Ralph Cranford 0-0: Swinging Strike
0-1: Foul Ball, location: 2F
0-2: Foul Ball, location: 2F
0-2: Ball
1-2: Ball
2-2: Ground out 6-3 (Groundball, 6)
Bottom of the 4th over - 0 runs, 0 hits, 0 errors, 0 left on base; Ft. Worth 12 - Wizarding 2
TOP OF THE 5TH
Ft. Worth Cattlemen batting - Pitching for Wizarding Express : RHP Biff Tannen
Batting: LHB Jesús Morales 0-0: Ball
1-0: Foul Ball, location: 2F
1-1: SINGLE (Groundball, 4MS) (infield hit)
Batting: SHB Roberto Mosca 0-0: Called Strike
0-1: Foul Ball, location: 2F
0-2: DOUBLE (Flyball, 78D)
Jesús Morales to third
Batting: RHB Bart Lewis 0-0: Fly out, F3 (Popup, 3SF)
Batting: LHB Rick Mayfield 0-0: Called Strike
0-1: Called Strike
0-2: Ball
1-2: Fly out, F8 (Flyball, 8LD)
Runner from 3rd tags up, SCORES, no throw
Pitching: RHP Marv Bradford
Batting: RHB Juan Cabrera 0-0: Foul Ball, location: 2F
0-1: Swinging Strike
0-2: Foul Ball, location: 2F
0-2: Foul Ball, location: 2F
0-2: Ball
1-2: Foul Ball, location: 2F
1-2: Foul Ball, location: 2F
1-2: Ball
2-2: Ball
3-2: Fly out, F4 (Line Drive, 4)
Top of the 5th over - 1 run, 2 hits, 0 errors, 1 left on base; Ft. Worth 13 - Wizarding 2
BOTTOM OF THE 5TH
Wizarding Express batting - Pitching for Ft. Worth Cattlemen : RHP Armando Romano
Batting: RHB Robinson Barquero 0-0: Ball
1-0: Fly out, F8 (Flyball, 8LM)
Batting: LHB Carroll Martin 0-0: Ball
1-0: Ball
2-0: Ball
3-0: Base on Balls
Batting: RHB Taylor Landis 0-0: Called Strike
0-1: Foul Ball, location: 2F
0-2: Ball
1-2: Grounds into double play, 6-4-3 (Groundball, 6)
Bottom of the 5th over - 0 runs, 0 hits, 0 errors, 0 left on base; Ft. Worth 13 - Wizarding 2
TOP OF THE 6TH
Ft. Worth Cattlemen batting - Pitching for Wizarding Express : RHP Marv Bradford
Batting: RHB António Pérez 0-0: Called Strike
0-1: Foul Ball, location: 2F
0-2: Ball
1-2: Ball
2-2: Strikes out looking
Batting: LHB Fernando Ramírez 0-0: Foul Ball, location: 2F
0-1: Ball
1-1: Ball
2-1: Ball
3-1: Foul Ball, location: 2F
3-2: Foul Ball, location: 2F
3-2: Base on Balls
Batting: RHB Keiran Calleson 0-0: Foul Ball, location: 2F
0-1: Ball
1-1: Foul Ball, location: 2F
1-2: Ball
2-2: Foul Ball, location: 2F
2-2: Grounds into double play, 6-4-3 (Groundball, 6M)
Top of the 6th over - 0 runs, 0 hits, 0 errors, 0 left on base; Ft. Worth 13 - Wizarding 2
BOTTOM OF THE 6TH
Wizarding Express batting - Pitching for Ft. Worth Cattlemen : RHP Armando Romano
Batting: SHB Salvador Trevino 0-0: Called Strike
0-1: Swinging Strike
0-2: Ball
1-2: Foul Ball, location: 2F
1-2: Ball
2-2: Strikes out swinging
Batting: RHB Louis Gibbons 0-0: Foul Ball, location: 2F
0-1: Ball
1-1: Fly out, F9 (Flyball, 9LM)
Now in RF: Juan Montés
Batting: LHB António Boccanegra 0-0: SINGLE (Line Drive, 4M)
Pitching: RHP Mack MacDonald
Batting: RHB Panas Pletnev 0-0: Ball
1-0: Ball
2-0: Called Strike
2-1: Ball
3-1: SINGLE (Groundball, 34S) (infield hit)
António Boccanegra to second
Batting: LHB Jesús Lazcano 0-0: Ball
1-0: Ball
2-0: Ball
3-0: Called Strike
3-1: Called Strike
3-2: Fly out, F9 (Flyball, 9D)
Bottom of the 6th over - 0 runs, 2 hits, 0 errors, 2 left on base; Ft. Worth 13 - Wizarding 2
TOP OF THE 7TH
Ft. Worth Cattlemen batting - Pitching for Wizarding Express : RHP Marv Bradford
Batting: RHB Vincent Vega 0-0: Called Strike
0-1: Ball
1-1: Called Strike
1-2: Ball
2-2: Foul Ball, location: 2F
2-2: Strikes out looking
Batting: LHB Jesús Morales 0-0: Ball
1-0: Called Strike
1-1: SINGLE (Line Drive, 4M)
Batting: SHB Roberto Mosca 0-0: Called Strike
Jesús Morales steals 2nd base
0-1: Ball
1-1: Foul Ball, location: 2F
1-2: Ground out 4-3 (Groundball, 4)
Jesús Morales to third
Pitching: RHP Woodward Haberdash
Batting: RHB Bart Lewis 0-0: Ball
1-0: Called Strike
1-1: Foul Ball, location: 2F
1-2: Fly out, F9 (Flyball, 9LSF)
Top of the 7th over - 0 runs, 1 hit, 0 errors, 1 left on base; Ft. Worth 13 - Wizarding 2
BOTTOM OF THE 7TH
Wizarding Express batting - Pitching for Ft. Worth Cattlemen : RHP Mack MacDonald
Batting: RHB Ralph Cranford 0-0: Ball
1-0: Foul Ball, location: 2F
1-1: Ground out 6-3 (Groundball, 6)
Batting: RHB Robinson Barquero 0-0: Ball
1-0: Called Strike
1-1: Foul Ball, location: 2F
1-2: SINGLE (Groundball, 6D)
Batting: LHB Carroll Martin 0-0: Swinging Strike
0-1: Ball
1-1: Foul Ball, location: 2F
1-2: Foul Ball, location: 2F
1-2: Ball
2-2: Strikes out swinging
Batting: RHB Taylor Landis 0-0: Called Strike
0-1: Foul Ball, location: 2F
0-2: Foul Ball, location: 2F
0-2: Ball
Robinson Barquero steals 2nd base
1-2: Ground out 6-3 (Groundball, 6)
Bottom of the 7th over - 0 runs, 1 hit, 0 errors, 1 left on base; Ft. Worth 13 - Wizarding 2
TOP OF THE 8TH
Ft. Worth Cattlemen batting - Pitching for Wizarding Express : RHP Woodward Haberdash
Batting: LHB Juan Montés 0-0: Ball
1-0: Foul Ball, location: 2F
1-1: Called Strike
1-2: Ball
2-2: Foul Ball, location: 2F
2-2: Ball
3-2: Foul Ball, location: 2F
3-2: Ground out U3 (Groundball, 34S)
Batting: RHB Juan Cabrera 0-0: Ball
1-0: Called Strike
1-1: Ground out 5-3 (Groundball, 56S)
Batting: RHB António Pérez 0-0: Ball
1-0: Called Strike
1-1: Ground out 5-3 (Groundball, 5L)
Top of the 8th over - 0 runs, 0 hits, 0 errors, 0 left on base; Ft. Worth 13 - Wizarding 2
BOTTOM OF THE 8TH
Wizarding Express batting - Pitching for Ft. Worth Cattlemen : RHP Mack MacDonald
Now at 2B: Juan Aguirre
Batting: SHB Salvador Trevino 0-0: Swinging Strike
0-1: Ball
1-1: Fly out, F6 (Popup, 6M)
Batting: RHB Louis Gibbons 0-0: Ball
1-0: Ball
2-0: Called Strike
2-1: Ball
3-1: Swinging Strike
3-2: Strikes out swinging
Batting: LHB António Boccanegra 0-0: Called Strike
0-1: Ball
1-1: Called Strike
1-2: Foul Ball, location: 2F
1-2: Strikes out swinging
Bottom of the 8th over - 0 runs, 0 hits, 0 errors, 0 left on base; Ft. Worth 13 - Wizarding 2
TOP OF THE 9TH
Ft. Worth Cattlemen batting - Pitching for Wizarding Express : RHP Woodward Haberdash
Batting: LHB Fernando Ramírez 0-0: Called Strike
0-1: Swinging Strike
0-2: Foul Ball, location: 2F
0-2: Ball
1-2: Strikes out looking
Batting: RHB Keiran Calleson 0-0: Ball
1-0: Called Strike
1-1: Ball
2-1: Ball
3-1: Foul Ball, location: 2F
3-2: Ground out 5-3 (Groundball, 5)
Batting: RHB Vincent Vega 0-0: Ball
1-0: Ball
2-0: Ball
3-0: Base on Balls
Batting: LHB Jesús Morales 0-0: Called Strike
0-1: Ground out 4-3 (Groundball, 34D)
Top of the 9th over - 0 runs, 0 hits, 0 errors, 1 left on base; Ft. Worth 13 - Wizarding 2
BOTTOM OF THE 9TH
Wizarding Express batting - Pitching for Ft. Worth Cattlemen : RHP Mack MacDonald
Batting: RHB Panas Pletnev 0-0: Ball
1-0: Called Strike
1-1: Ball
2-1: Ball
3-1: Foul Ball, location: 2F
3-2: Foul Ball, location: 2F
3-2: Foul Ball, location: 2F
3-2: Ground out U3 (Groundball, 34S)
Batting: LHB Jesús Lazcano 0-0: Ball
1-0: Ball
2-0: Fly out, F7 (Flyball, 78M)
Batting: RHB Ralph Cranford 0-0: Ball
1-0: Ball
2-0: SINGLE (Flyball, 78S)
Batting: RHB Robinson Barquero 0-0: Ball
1-0: Called Strike
1-1: Ball
2-1: SINGLE (Groundball, 6MD)
Ralph Cranford to second
Batting: LHB Carroll Martin 0-0: Ball
1-0: Ball
2-0: Called Strike
2-1: Called Strike
2-2: Foul Ball, location: 2F
2-2: Ball
3-2: Base on Balls
Ralph Cranford to third
Robinson Barquero to second
Batting: RHB Taylor Landis 0-0: Ball
1-0: Foul Ball, location: 2F
1-1: SINGLE (Groundball, 6D)
Ralph Cranford scores
Robinson Barquero to third
Carroll Martin to second
Batting: SHB Salvador Trevino 0-0: Ball
1-0: Swinging Strike
1-1: Swinging Strike
1-2: Hit by Pitch
Robinson Barquero scores
Carroll Martin to third
Taylor Landis to second
Batting: RHB Louis Gibbons 0-0: Ball
1-0: Foul Ball, location: 2F
1-1: Foul Ball, location: 2F
1-2: Foul Ball, location: 2F
1-2: Ball
2-2: Ball
3-2: Foul Ball, location: 2F
3-2: Foul Ball, location: 2F
3-2: Base on Balls
Carroll Martin scores
Taylor Landis to third
Salvador Trevino to second
Batting: LHB António Boccanegra 0-0: SINGLE (Groundball, 34D)
Taylor Landis scores
Salvador Trevino to third
Louis Gibbons to second
Batting: RHB Panas Pletnev 0-0: Ball
1-0: Ball
2-0: Ball
3-0: Called Strike
3-1: Ground out 5-3 (Groundball, 56)
Bottom of the 9th over - 4 runs, 4 hits, 0 errors, 3 left on base; Ft. Worth 13 - Wizarding 6
Friday, March 29th, 2019 - OOTP Baseball 18.8 Build 76